 Dungeon Crawl Stone Soup version 0.26-a0-70-g31f1466007 (webtiles) character file.

Game seed: 75733918658127418

37 MarredHen the Bolt Thrower (level 3, -2/22 HPs)
             Began as a Kobold Hunter on June 13, 2020.
             Slain by a scorpion (7 damage)
             ... on level 1 of the Dungeon.
             The game lasted 00:01:59 (611 turns).

MarredHen the Bolt Thrower (Kobold Hunter)           Turns: 611, Time: 00:02:00

Health: -2/22      AC:  3    Str:  9    XL:     3   Next: 60%
Magic:  3/3        EV: 15    Int: 12    God:
Gold:   42         SH:  0    Dex: 16    Spells: 2/2 levels left

rFire    . . .     SeeInvis .   b - +0 short sword
rCold    . . .     Gourm    .   (shield restricted)
rNeg     . . .     Faith    .   c - +0 leather armour
rPois    .         Spirit   .   (no helmet)
rElec    .         Reflect  .   (no cloak)
rCorr    .         Harm     .   (no gloves)
MR       .....                  (no boots)
Stlth    ++........             (no amulet)
HPRegen  0.07/turn              (no ring)
MPRegen  0.08/turn              (no ring)

@: mighty
A: small, carnivore
a: no special abilities


You were on level 1 of the Dungeon.
You were not hungry.

You visited 1 branch of the dungeon, and saw 2 of its levels.

You collected 42 gold pieces.

Inventory:

Hand Weapons
 a - a +1 hand crossbow
 b - a +0 short sword (weapon)
Armour
 c - a +0 leather armour (worn)
Scrolls
 e - 2 scrolls of remove curse
 j - a scroll of amnesia {unknown}
Potions
 h - a potion of brilliance
 i - a potion of might
Comestibles
 f - 2 rations


   Skills:
 + Level 2.4 Fighting
 + Level 5.8 Crossbows
 - Level 0.1 Armour
 + Level 2.9 Dodging
 - Level 1.3 Stealth


You had 2 spell levels left.
You didn't know any spells.
Your spell library was empty.

Dungeon Overview and Level Annotations

Branches:
Dungeon (2/15)

Altars:


Innate Abilities, Weirdness & Mutations

You are small and have problems with some larger weapons.
You are carnivorous and can eat meat at any time.


Message History

Okay, then.
Firing (i - inventory) No suitable missiles.
Press: ? - help, Shift-Dir - straight line, f/p - scorpion
Aim: a scorpion (heavily wounded)
Okay, then.
There is a stone staircase leading up here.
The scorpion barely misses you.
You climb upwards.
There is a stone staircase leading down here.
It was a potion of might.
You feel very mighty all of a sudden. The scorpion misses you.
b - a +0 short sword (weapon)
Your leather armour prevents you from hitting the scorpion.
The scorpion is heavily wounded.
The scorpion barely misses you.
You hit the scorpion.
The scorpion is severely wounded.
The scorpion stings you!
You die...

####### #.....######
#.###....... #####
#.# #.......
#...###.###.......
#@..'.............
#.s.###.###.######
#.#####.# #.##....
#.......###.##....
#............+....
###########.####..†.
#........##.........
#........'.....#####
#.....(..##....#


You could see a scorpion.

Vanquished Creatures
  A worm (D:2)
  A leopard gecko (D:1)
  A giant cockroach (D:1)
  2 hobgoblins (D:1)
  2 jackals (D:1)
  7 bats (D:1)
  4 frilled lizards (D:1)
  7 goblins (D:1)
  3 kobolds
  5 rats (D:1)
33 creatures vanquished.

Notes
Turn   | Place    | Note
-------+----------+-------------------------------------------
     0 | D:1      | MarredHen the Kobold Hunter began the quest for the Orb.
     0 | D:1      | Reached XP level 1. HP: 12/12 MP: 1/1
    57 | D:1      | Reached skill level 5 in Crossbows
    57 | D:1      | Reached XP level 2. HP: 17/17 MP: 2/2
   145 | D:1      | Reached XP level 3. HP: 21/21 MP: 3/3
   596 | D:2      | Noticed a scorpion
   611 | D:1      | Slain by a scorpion

Illustrated notes

Levels and vault maps discovered:
D:1:      dpeg_arrival_tiny_d, layout_basic, minmay_tetromino_l2
D:2:      layout_basic

Skill      XL: |  1 |
---------------+----+-----
Crossbows      | 5 |  5.8
Fighting       | |  2.4
Armour         | |  0.1
Dodging        | |  2.9
Stealth        | |  1.3

Action                   || total
-------------------------++-------
Melee: Short sword       ||     5
 Fire: Hand crossbow     ||    70
  Use: Scroll            ||     2
       Potion            ||     1
Armor: Leather armour    ||    11
Dodge: Dodged            ||    20

Table legend:
 A = Non-vault XP
 B = Vault XP
 C = Vault XP percentage of total XP
 D = Non-vault monster count
 E = Vault monster count
 F = Vault count percentage of total count
                 A         B        C        D         E       F
            +---------+---------+-------+---------+---------+-------
      Total |      50 |       3 |   5.7 |      31 |       2 |   6.1
            +---------+---------+-------+---------+---------+-------
        D:1 |      44 |       3 |   6.4 |      29 |       2 |   6.5
        D:2 |       6 |       0 |   0.0 |       2 |       0 |   0.0
            +---------+---------+-------+---------+---------+-------
